 Dungeon Crawl Stone Soup version 0.31-a0-1074-g0b22e4e0f1 (console) character file.

Game seed: 476544370933368737

578999 petzl the Hoplite (level 27, -12/190 HPs)
             Began as a Formicid Delver on Nov 29, 2023.
             Was the Champion of Vehumet.
             Mangled by an ironbound thunderhulk
             ... wielding a +0 dire flail
              (26 damage)
             ... on level 1 of the Vaults on Dec 3, 2023.
             The game lasted 12:20:45 (99958 turns).

petzl the Hoplite (Formicid Delver)                Turns: 99958, Time: 12:20:46

Health: -12/190    AC: 20    Str: 21    XL:     27
Magic:  50/50      EV: 13    Int: 34    God:    Vehumet [******]
Gold:   4318       SH: 33    Dex: 15    Spells: 2/63 levels left

rFire   . . .        a - +9 hand cannon (drain)
rCold   + . .        y - +5 tower shield {AC+3}
rNeg    + . .        W - +3 troll leather armour
rPois   +            (helmet unavailable)
rElec   .            w - +2 cloak of Umnanusa {Str+2 Int+5}
rCorr   .            C - +2 pair of gloves of Benevolence {rPois Int+7 Stlth-}
SInv    +            p - +1 pair of boots
Will    +++..        t - amulet of Demons {Reflect rPois rN+ Will+ SH+5}
Stlth   ++++         n - ring "Geang" {rC+ MP+9 SInv}
HPRegen 1.31/turn    P - ring of wizardry
MPRegen 0.32/turn

%: reflection, wizardry (x1)
@: no status effects
A: permanent stasis, dig shafts and tunnels, antennae 3, four strong arms,
iridescent scales 1, deformed body, low MP 1, mutation resistance 1, poison
resistance, MP-powered wands
}: 3/15 runes: decaying, serpentine, slimy
a: Dig, Shaft Self, Renounce Religion


You were on level 1 of the Vaults.
You worshipped Vehumet.
Vehumet was exalted by your worship.
You visited 12 branches of the dungeon, and saw 51 of its levels.
You also visited: Ice Cave and Volcano.

You collected 7850 gold pieces.
You spent 3532 gold pieces at shops.

Inventory:

Hand Weapons
 a - a +9 hand cannon of draining (weapon)
 b - a +9 eveningstar of draining
 c - a +2 spectral demon blade
 F - a +0 eveningstar of protection
Missiles
 f - 2 throwing nets
 D - 6 curare-tipped darts (quivered)
Armour
 p - a +1 pair of boots (worn)
 w - the +2 cloak of Umnanusa (worn) {Str+2 Int+5}
   (You bought it in a shop on level 3 of the Vaults)

   Str+2:     It affects your strength (+2).
   Int+5:     It affects your intelligence (+5).
 y - a +5 tower shield of protection (worn)
 C - the +2 pair of gloves of Benevolence (worn) {rPois Int+7 Stlth-}
   (You found it on level 3 of the Snake Pit)

   Int+7:     It affects your intelligence (+7).
   rPois:     It protects you from poison Stlth-: It makes you less stealthy.
 I - a scarf of invisibility
 W - a +3 troll leather armour (worn)
Jewellery
 n - the ring "Geang" (left hand) {rC+ MP+9 SInv}
   (You took it off a vampire knight on level 2 of the Depths)

   [ring of magical power]

   rC+:       It protects you from cold.
   MP+9:      It affects your magic capacity (+9).
   SInv:      It lets you see invisible.
 t - the amulet of Demons (around neck) {Reflect rPois rN+ Will+ SH+5}
   (You bought it in a shop on level 3 of the Snake Pit)

   [amulet of reflection]

   Reflect:   It reflects blocked missile attacks.
   rPois:     It protects you from poison rN+: It protects you from negative
   energy.
   Will+:     It increases your willpower.
   SH+5:      It affects your SH (+5).
 H - the ring "Gyceuwnu" {rElec rC- Will+ Int+4 Dex+6}
   (You bought it in a shop on level 13 of the Dungeon)

   [ring of willpower]

   Int+4:     It affects your intelligence (+4).
   Dex+6:     It affects your dexterity (+6).
   rC-:       It makes you vulnerable to cold.
   rElec:     It insulates you from electricity.
   Will+:     It increases your willpower.
 P - a ring of wizardry (right hand)
 V - a ring of flight
Wands
 m - a wand of acid (50)
 x - a wand of mindburst (67)
 G - a wand of paralysis (93)
 L - a wand of roots (69)
 O - a wand of digging (12)
 X - a wand of polymorph (36)
Scrolls
 d - 3 scrolls of fog
 q - a scroll of silence
 v - 4 scrolls of butterflies
 K - 5 scrolls of fear
 N - 8 scrolls of revelation
 R - 6 scrolls of poison
Potions
 g - 15 potions of curing
 h - 3 potions of enlightenment
 i - 2 potions of invisibility
 l - 7 potions of resistance
 o - 3 potions of cancellation
 s - 5 potions of lignification
 u - 8 potions of ambrosia
 E - 9 potions of brilliance
 U - 6 potions of heal wounds
Miscellaneous
 B - a phial of floods
 J - a lightning rod (4/4)
 Q - a condenser vane
 S - a phantom mirror


   Skills:
 - Level 10.1 Fighting
 - Level 3.0 Long Blades
 - Level 7.1 Maces & Flails
 - Level 9.0 Ranged Weapons
 - Level 12.0 Armour
 - Level 5.0 Dodging
 - Level 12.1 Stealth
 + Level 22.2 Shields
 + Level 18.7 Spellcasting
 - Level 19.0 Conjurations
 - Level 4.0 Summonings
 - Level 19.0 Fire Magic
 * Level 14.8 Ice Magic
 - Level 7.0 Air Magic
 - Level 8.0 Earth Magic
 - Level 12.0 Evocations


You had 2 spell levels left.
You knew the following spells:

 Your Spells              Type           Power      Damage    Failure   Level
a - Stone Arrow           Conj/Erth      100%       3d13      0%          3
b - Iskenderun's Mystic   Conj/Tloc      77%        2d15      1%          4
c - Fireball              Conj/Fire      51%        3d20      0%          5
d - Plasma Beam           Fire/Air       44%        2x1d58    1%          6
l - Freezing Cloud        Conj/Ice/Air   45%        6-21      1%          5
m - Fire Storm            Conj/Fire      51%        8d13      9%          9
o - Ignition              Fire           51%        3d14      1%          8
q - Conjure Ball Lightni  Conj/Air       44%        3x3d15    1%          6
s - Sticky Flame          Conj/Fire      100%       2d11      0%          4
A - Ozocubu's Armour      Ice            93%        N/A       0%          3
I - Summon Ice Beast      Ice/Summ       77%        N/A       1%          4
T - Olgreb's Toxic Radia  Pois           31%        N/A       2%          4

Your spell library contained the following spells:

 Spells                   Type           Power      Damage    Failure   Level
 Polar Vortex             Ice            46%        12d6*     36%         9
 Chain Lightning          Conj/Air       44%        3d58      58%         9
 Foxfire                  Conj/Fire      100%       2x1d9     0%          1
 Freeze                   Ice            100%       1d10      0%          1
 Magic Dart               Conj           100%       1d8       0%          1
 Static Discharge         Conj/Air       100%       3-8/arc   0%          2
 Slow                     Hex            100%       N/A       1%          1
 Call Imp                 Summ           100%       N/A       1%          2
 Ensorcelled Hibernation  Hex/Ice        100%       N/A       1%          2
 Lesser Beckoning         Tloc           62%        N/A       1%          2
 Momentum Strike          Conj/Tloc      100%       3d10      1%          2
 Passwall                 Tmut/Erth      46%        N/A       1%          2
 Wereblood                Tmut           31%        N/A       1%          2
 Frozen Ramparts          Ice            100%       1d16      0%          3
 Hailstorm                Conj/Ice       98%        3d19      0%          3
 Flame Wave               Conj/Fire      100%       2d21      0%          4
 Call Canine Familiar     Summ           56%        N/A       1%          3
 Dazzling Flash           Conj/Hex       100%       N/A       1%          3
 Inner Flame              Hex/Fire       77%        N/A       1%          3
 Mephitic Cloud           Conj/Pois/Air  74%        N/A       1%          3
 Volatile Blastmotes      Fire/Tloc      100%       2d18      1%          3
 Airstrike                Air            34%        2d(5-21)  1%          4
 Animate Armour           Summ/Erth      100%       N/A       1%          4
 Fulminant Prism          Conj/Hex       38%        3d17      1%          4
 Leda's Liquefaction      Hex/Erth       28%        N/A       1%          4
 Summon Lightning Spire   Summ/Air       62%        N/A       1%          4
 Arcjolt                  Conj/Air       44%        1d54      1%          5
 Irradiate                Conj/Tmut      38%        3d24      1%          5
 Lee's Rapid Deconstruct  Erth           36%        3d18*     1%          5
 Bombard                  Conj/Erth      44%        9d8       1%          6
 Starburst                Conj/Fire      51%        6d14      1%          6
 Ozocubu's Refrigeration  Ice            46%        4d17      1%          7
 Spellforged Servitor     Conj/Summ      41%        N/A       1%          7
 Confusing Touch          Hex            31%        N/A       2%          3
 Gell's Gravitas          Tloc           31%        N/A       2%          3
 Sigil of Binding         Hex            31%        N/A       2%          3
 Teleport Other           Tloc           31%        N/A       2%          3
 Tukima's Dance           Hex            31%        N/A       2%          3
 Vampiric Draining        Necr           31%        2d8       2%          3
 Borgnjor's Vile Clutch   Necr/Erth      28%        N/A       4%          5
 Silence                  Hex/Air        27%        N/A       4%          5
 Simulacrum               Ice/Necr       35%        N/A       5%          6
 Lehudib's Crystal Spear  Conj/Erth      44%        10d11     5%          8
 Animate Dead             Necr           31%        N/A       8%          4
 Cause Fear               Hex            15%        N/A       8%          4
 Dimensional Bullseye     Hex/Tloc       15%        N/A       8%          4
 Summon Forest            Summ/Tloc      22%        N/A       9%          5
 Summon Mana Viper        Hex/Summ       45%        N/A       9%          5
 Agony                    Necr           31%        N/A       21%         5
 Alistair's Intoxication  Tmut/Pois      20%        N/A       21%         5
 Summon Cactus Giant      Summ           28%        N/A       21%         6
 Eringya's Noxious Bog    Tmut/Pois      15%        4d6       26%         6
 Maxwell's Capacitive Co  Air            34%        ∞         50%         8
 Death Channel            Necr           15%        N/A       69%         6
 Dragon's Call            Summ           28%        N/A       100%        9
 Blink                    Tloc           Unusable   N/A       N/A         2
 Swiftness                Air            Unusable   N/A       N/A         3
 Vhi's Electric Charge    Tloc/Air       Unusable   N/A       N/A         4

Dungeon Overview and Level Annotations

Branches:
Dungeon (15/15)            Temple (1/1) D:5            Lair (5/5) D:11
  Swamp (4/4) Lair:2        Snake (4/4) Lair:3        Slime (5/5) Lair:4
    Orc (2/2) D:12            Elf (3/3) Orc:2        Vaults (4/5) D:13
  Crypt (3/3) Vaults:3       Tomb (1/3) Crypt:3      Depths (4/4) D:15
  IceCv (visited)         Volcano (visited)
    Zot: Depths:4

Altars:
Ashenzari
Cheibriados
Dithmenos
Elyvilon
Fedhas
Gozag
Hepliaklqana
Kikubaaqudgha
Makhleb
Nemelex Xobeh
Okawaru
Qazlal
Ru
Sif Muna
Trog
Uskayaw
Vehumet
Wu Jian
Xom
Yredelemnul
Zin
The Shining One
Jiyva

Shops:
D:3 *   D:13 *   Orc:2 !?[*(   Elf:1 ?   Snake:1 (   Snake:2 [   Snake:3 (=(*
Vaults:3 [   Vaults:4 :   Depths:1 *

Portals:
Hell: Depths:1 Depths:2 Depths:3
Abyss: Depths:3
Pandemonium: Depths:1 Depths:2
Ziggurat: Depths:3

Annotations:
D:15 1 runed translucent door, Umuuc's ghost, journeyman DsGl
Orc:1 exclusion: downstairs
Elf:2 exclusion: upstairs
Vaults:1 1 transporter, exclusion: downstairs, Sirjeffry24's ghost, adept TeAE
Vaults:3 exclusion: upstairs
Vaults:5 !L5
Depths:1 exclusion: 2 downstairs
Depths:2 exclusion: downstairs, Vv
Depths:3 2 transporters, exclusion: 2 downstairs


Innate Abilities, Weirdness & Mutations

You cannot be hasted, slowed, berserked, paralysed or teleported.
You can dig through walls and to a lower floor.
You have a pair of large antennae on your head. (SInv)
Your four strong arms can wield two-handed weapons with a shield.
You are partially covered in iridescent scales. (AC +2)
Armour fits poorly on your strangely shaped body.
Your magical capacity is low. (-10% MP)
You are somewhat resistant to further mutation.
Your system is resistant to poisons. (rPois)
You expend magic power (3 MP) to strengthen your wands.


Message History

Sirjeffry24's ghost turns its malevolent gaze towards you.
The ironbound thunderhulk shouts!
You hear a shout!
There is a transporter here.
You enter the transporter and appear at another place.
Electricity crackles from the ironbound thunderhulk's apparatus.
The bolt of lightning hits you!!!
Strange energies crackle from the ironbound thunderhulk's apparatus.
The ironbound thunderhulk blinks!
The frost giant casts a spell at you. The bolt of cold hits you! You resist.
Electricity crackles from the ironbound thunderhulk's apparatus.
The bolt of lightning hits you!!!
The ironbound thunderhulk completely misses you.
Electricity crackles from the ironbound thunderhulk's apparatus.
The bolt of lightning hits you!!
* * * LOW HITPOINT WARNING * * *
The fire giant shouts!
Unknown command.
Unknown command.
Unknown command.
Unknown command.
Press: ? - help, v - describe, . - travel
Here: an ironbound thunderhulk, wielding a +0 dire flail and wearing a +0 animal skin The floor.
Unknown command.
Unknown command.
Okay, then.
Okay, then.
Unknown command.
Are you sure you want to shaft yourself?
Electricity crackles from the ironbound thunderhulk's apparatus.
The bolt of lightning hits you!
* * * LOW HITPOINT WARNING * * *
You block the frost giant's attack. The fire giant casts a spell at you.
The bolt of fire hits you!!
* * * LOW HITPOINT WARNING * * *
You begin to dig a shaft.
You continue digging a shaft.
The ironbound thunderhulk hits you with a +0 dire flail!!
You die...

#.........########[.#.#..'.#..#...
#...................#.####.#..#...
#........)..........'....#'#..#...
#...................#.........'...
#........).)........##############
#.......).........................
#......[[..Y......................
#.................................
#.................................
#############'#################...
#.(...........##.......#...
#.....©.©.....##.......#...
################.......#...
##..([??)$..©###.......'.[.
#.O##.O.##..# #.......#...
#.#..#W#OO#.# #.......#...
#.#..#.#C.#.# #########...
#..##CO.##..# ########.).
#.....@.....# #......#..[
############# #......#..[
#......#... #......#...
#......#..[ #......#...
#.[....'..) #......#...
########... #... #... #########
#... #.......# #... #.......# #...
#####'##### #..[
####.......[.######[
#..#.###'#'#.#..#...
#..#)#.....#.#..#...
#..#)#.....#.#..#...


You could see a frost giant, a fire giant, 5 ironbound thunderhulks and
Sirjeffry24's ghost.

Vanquished Creatures
  the Royal Jelly (Slime:5)
  Mara (Swamp:3)
  A royal mummy (Tomb:1)
  Josephina (Depths:3)
  Frederick (Crypt:1)
  the Lernaean hydra (Swamp:4)
  Margery (Vaults:2)
  Xtahua (Crypt:2)
  Nikola (Vaults:2)
  A profane servitor (Crypt:3)
  2 doom hounds (Crypt:1)
  2 hellephants
  Rupert (D:15)
  2 deep elf blademasters (Elf:3)
  Grunn (Crypt:1)
  2 liches
  26 acid blobs
  The ghost of Cosmew the Warrior, an adept DsVM of Sif Muna (Snake:3)
  The ghost of Cosmew the Warrior, an adept DsVM of Sif Muna (Snake:3)
  A titan (Depths:1)
  13 ancient champions
  A deep elf master archer (Elf:3)
  Gastronok (D:8)
  4 thorn hunters
  9 sphinxes
  3 storm dragons
  A tengu reaver (Vaults:1)
  9 azure jellies
  Aizul (Snake:1)
  6 revenants
  The ghost of Xuar the Eclecticist, an adept DjHW of Makhleb (Snake:3)
  The ghost of Jeffwins the Mimic, an adept DrSh of Vehumet (Swamp:2)
  10 rockslimes
  Donald (Swamp:4)
  4 fenstrider witches
  4 nagarajas
  2 fire giants (Depths:2)
  6 deep elf sorcerers (Elf:3)
  An emperor scorpion (D:15)
  The ghost of Rififam the Bludgeoner, an adept GrFi of Okawaru (Snake:3)
  4 frost giants
  3 deep elf elementalists (Elf:3)
  9 vault wardens
  Louise (Depths:3)
  2 curse skulls
  10 quicksilver oozes
  A juggernaut zombie (Tomb:1)
  6 stone giants
  15 ironbound preservers
  14 ghouls
  7 formless jellyfish
  7 very ugly things (Depths:2)
  4 eleionomae
  8 war gargoyles
  4 ironbound thunderhulks
  A reaper (IceCv)
  12 vampire knights
  15 dire elephants
  A red draconian (Volcano)
  14 deep elf annihilators
  5 deep elf demonologists
  A lorocyproca (Depths:2)
  Azrael (D:13)
  5 bunyips
  3 spark wasps
  4 eidola
  5 crystal guardians
  3 mummy priests (Tomb:1)
  7 ettins
  4 deep elf death magi
  7 fire dragons
  4 deep elf high priests
  11 yaktaur captains
  2 merfolk impalers (Depths:2)
  2 entropy weavers
  14 jiangshi
  9 great orbs of eyes
  3 peacekeepers
  A rakshasa (Depths:2)
  8 vault guards
  29 hydras
  2 shambling mangroves (Swamp:2)
  5 ice dragons
  2 spriggan zombies (Crypt:3)
  3 salamander tyrants (Snake:4)
  8 ghost crabs
  A catoblepas (Lair:2)
  9 anacondas
  5 spriggan air magi
  18 ironbound frosthearts
  2 juggernaut simulacra
  2 ogre magi (Vaults:1)
  3 alligators
  A death knight (Crypt:1)
  5 boulder beetles
  A fenstrider witch skeleton (Crypt:1)
  3 two-headed ogres
  2 tengu warriors (Depths:1)
  30 dancing weapons
  5 deep troll shamans
  17 naga warriors
  10 centaur warriors
  5 hell hogs
  4 death scarabs (Tomb:1)
  2 spriggan berserkers
  9 vampire magi
  4 deep troll earth magi
  An orc high priest (Orc:2)
  9 shock serpents
  12 naga sharpshooters
  9 spriggans
  2 sun demons (Depths:1)
  5 hell knights
  20 deep elf knights
  A soul eater (Crypt:1)
  30 skeletal warriors
  6 iron trolls
  2 spectral death yaks (Lair:5)
  A spectral anaconda (Lair:5)
  3 goliath frogs
  4 shadow wraiths
  A skyshark (Lair:5)
  3 salamander mystics (Snake:4)
  6 spriggan druids
  6 flayed ghosts
  A glowing orange brain (Slime:3)
  A golden dragon skeleton (Vaults:3)
  57 deep trolls
  2 spectral hydras (Swamp:2)
  A death drake (Swamp:2)
  8 swamp dragons
  12 deep elf archers
  9 necromancers
  4 naga ritualists
  29 bog bodies
  An obsidian statue (Lair:5)
  5 arcanists
  17 ironbound convokers
  14 phantasmal warriors
  14 lindwurms
  2 orc knights
  2 alligator zombies (Swamp:2)
  A wolf spider zombie (Crypt:1)
  5 cyclopes
  5 goliath frog zombies (Swamp:2)
  7 mana vipers
  27 deep elf zephyrmancers
  An oklob plant (Lair:2)
  5 tengu skeletons
  32 ugly things
  A broodmother zombie (Crypt:1)
  28 deep elf pyromancers
  12 harpies
  4 shadow dragon skeletons
  10 manticores
  9 will-o-the-wisps
  A cyclops (shapeshifter) (Vaults:3)
  3 large abominations (Swamp:2)
  17 salamanders
  4 orc sorcerers
  A manticore (shapeshifter) (Vaults:2)
  7 shining eyes
  A frost giant zombie (Depths:2)
  A stone giant skeleton (Crypt:3)
  A moth of wrath (shapeshifter) (Vaults:1)
  A black mamba (shapeshifter) (Elf:3)
  3 apocalypse crabs (Swamp:3)
  24 black mambas
  17 naga magi
  2 molten gargoyles (Volcano)
  A fire giant skeleton (Depths:2)
  10 guardian serpents
  25 elephants
  A cane toad (shapeshifter) (Vaults:2)
  9 vault sentinels
  A dire elephant zombie (Crypt:3)
  15 cane toads
  A gargoyle (D:13)
  2 torpor snails (Lair:4)
  A yaktaur zombie (Vaults:2)
  An ice statue (IceCv)
  2 efreet
  4 kobold demonologists
  An unseen horror (D:11)
  A golden dragon simulacrum (Depths:3)
  2 komodo dragons (shapeshifter)
  4 swamp worm zombies (Swamp:2)
  15 yaktaurs
  2 ice devils (IceCv)
  A rime drake (Lair:3)
  A yaktaur skeleton (Vaults:4)
  5 freezing wraiths
  16 komodo dragons
  5 tengu conjurers
  8 guardian mummies (Tomb:1)
  7 human skeletons
  An anaconda simulacrum (IceCv)
  2 yellow draconian skeletons
  A sea snake skeleton (Crypt:1)
  4 trolls
  2 bloated husks (Swamp:1)
  4 harpy zombies
  15 hornets
  11 tyrant leeches
  8 glass eyes
  A tarantella (Vaults:2)
  A tarantella (shapeshifter) (D:15)
  4 polar bears
  Grinder (D:6)
  A tengu simulacrum (Depths:3)
  4 spectral swamp dragons (Swamp:2)
  12 blink frogs
  A death drake skeleton (Crypt:2)
  2 iron dragon simulacra (Depths:3)
  A raiju (shapeshifter) (D:14)
  A radroach zombie (Crypt:1)
  6 flying skulls (Tomb:1)
  A shadow (D:12)
  5 vampires
  93 slime creatures
  A ynoxinul (Depths:2)
  3 ushabtiu (Tomb:1)
  5 wyverns
  4 ettin skeletons
  18 air elementals
  8 wraiths
  15 water elementals
  54 yaks
  5 fire bats
  A dire elephant simulacrum (Lair:5)
  13 golden eyes
  A steam dragon (Lair:2)
  A tyrant leech zombie (Swamp:2)
  5 basilisks
  Menkaure (D:6)
  7 fire elementals
  4 redbacks
  20 vampire mosquitoes
  4 wargs
  2 death yak simulacra (IceCv)
  15 swamp worms
  Edmund (D:6)
  47 nagas
  A water nymph zombie (Crypt:1)
  20 water moccasins
  A merfolk zombie (Crypt:1)
  8 hell hounds
  2 acid dragons
  A spectral cane toad (Lair:5)
  2 nameless horrors
  A glowing shapeshifter skeleton (Vaults:3)
  7 swamp drakes
  2 hydra simulacra (IceCv)
  3 naga skeletons
  A water nymph skeleton (Crypt:3)
  A two-headed ogre skeleton (Crypt:3)
  5 black bears
  An elephant zombie (Lair:5)
  A sky beast (D:7)
  3 ice beasts
  16 wolves
  24 orc warriors
  10 boggarts
  4 ogres
  7 centaurs
  An elephant skeleton (Lair:5)
  A hog zombie (Crypt:3)
  An elf simulacrum (Vaults:4)
  A phantom (D:4)
  A rime drake skeleton (Crypt:2)
  5 kobold brigands
  A gnoll sergeant (D:6)
  2 wyvern zombies (D:7)
  10 bullfrogs
  8 necrophages
  4 cane toad simulacra
  A salamander skeleton (Crypt:2)
  2 scorpions
  An earth elemental (Elf:1)
  5 two-headed ogre simulacra (IceCv)
  A draconian skeleton (Crypt:2)
  16 wights
  2 troll zombies (Swamp:2)
  9 killer bees
  An elephant simulacrum (IceCv)
  A polar bear zombie (Crypt:2)
  3 howler monkeys (D:8)
  3 electric eels
  8 lava snakes
  2 bullfrog zombies
  14 jellies
  A human zombie (D:7)
  A centaur skeleton (Crypt:3)
  A gnoll bouda (D:6)
  26 orc priests
  4 hounds
  3 iguanas
  2 sleepcaps
  A boggart zombie (Crypt:3)
  27 orc wizards
  Ijyb (D:3)
  A polar bear simulacrum (IceCv)
  2 killer bee zombies (D:7)
  A lightning spire (Elf:1)
  8 spriggan simulacra (IceCv)
  7 troll simulacra (IceCv)
  2 wolf simulacra (IceCv)
  A howler monkey zombie (Crypt:2)
  4 mummies
  11 gnolls
  12 adders
  6 naga simulacra (IceCv)
  A shadow imp (D:4)
  5 white imps
  12 ufetubi
  An adder zombie (Crypt:2)
  3 worms
  82 orcs
  8 bats
  7 endoplasms
  8 giant cockroaches
  15 goblins
  14 hobgoblins
  8 jackals
  4 quokkas
  3 training dummies (Snake:1)
  6 ball pythons
  4 frilled lizards
  21 kobolds
  A kobold zombie (Crypt:3)
  A quokka zombie (Crypt:1)
  5 rats
  A river rat skeleton (Crypt:1)
  A fire vortex (Swamp:3)
2198 creatures vanquished.

Vanquished Creatures (collateral kills)
  2 sphinxes (Tomb:1)
  An ancient champion (Crypt:3)
  A revenant (Tomb:1)
  The ghost of Rififam the Bludgeoner, an adept GrFi of Okawaru (Snake:3)
  2 ghouls (Crypt:2)
  An eleionoma (Swamp:2)
  2 eidola
  A jiangshi (Crypt:3)
  3 skeletal warriors
  A shadow wraith (Crypt:3)
  A skyshark (Lair:5)
  An anaconda zombie (Crypt:3)
  A flayed ghost (Crypt:2)
  A death drake (Swamp:2)
  A swamp dragon (Swamp:4)
  A tyrant leech (Swamp:2)
  A wraith (Crypt:3)
  An ushabti (Tomb:1)
  A vampire (Crypt:3)
  A swamp drake (Swamp:4)
  3 mummies (Tomb:1)
  A quokka skeleton (Crypt:2)
  17 ball lightnings
46 creatures vanquished.

Vanquished Creatures (others)
  Asterion (Snake:3)
  A deep elf elementalist (Elf:3)
  A shambling mangrove (Swamp:2)
  A peacekeeper (Vaults:1)
  2 salamander mystics (Snake:4)
  A vault sentinel (Vaults:2)
  A bloated husk (Swamp:1)
  A centaur simulacrum (D:15)
  3 lightning spires (Elf:1)
  210 ball lightnings
  223 fire vortices
  30 foxfires
475 creatures vanquished.

Grand Total: 2719 creatures vanquished

Notes
Turn   | Place    | Note
-------+----------+-------------------------------------------
     0 | D:5      | petzl the Formicid Delver began the quest for the Orb.
     0 | D:5      | Reached XP level 1. HP: 18/18 MP: 1/1
    20 | D:6      | Noticed a killer bee
    20 | D:6      | Noticed a killer bee
    20 | D:6      | Noticed a killer bee
    20 | D:6      | Noticed a killer bee
    26 | D:6      | Noticed an iguana
   142 | D:4      | Reached XP level 2. HP: 24/24 MP: 2/2
   160 | D:3      | Reached skill level 1 in Spellcasting
   198 | D:3      | Reached XP level 3. HP: 19/29 MP: 3/5
   244 | D:3      | Noticed Ijyb
   258 | D:3      | Found Jelen's Assorted Antiques.
   680 | D:1      | Reached XP level 4. HP: 31/35 MP: 7/7
  1961 | D:1      | Reached XP level 5. HP: 39/41 MP: 10/10
  2198 | D:2      | Noticed a black bear
  2705 | D:3      | Noticed a great orb of eyes
  2715 | D:3      | Found a faded altar of an unknown god.
  2732 | D:3      | Noticed a glass eye
  2747 | D:3      | Noticed a golden eye
  2747 | D:3      | Noticed an eye of devastation
  2810 | D:3      | Found a glowing golden altar of the Shining One.
  2816 | D:3      | Noticed a phantom
  2826 | D:3      | Bought a transparent leather armour for 133 gold pieces
  2826 | D:3      | Identified the +1 leather armour "Viacas" {Rampage rPois
                  | Str+2 Int+3 Stlth-} (You bought it in a shop on level 3 of
                  | the Dungeon)
  2826 | D:3      | Bought a scroll labelled UMASSONITO for 19 gold pieces
  2826 | D:3      | Bought a puce potion for 17 gold pieces
  2826 | D:3      | Bought a scroll labelled BOBIMI MIORGHIRUAL for 19 gold
                  | pieces
  3011 | D:3      | Reached XP level 6. HP: 45/47 MP: 13/13
  3047 | D:3      | Found a basalt altar of Yredelemnul.
  3048 | D:3      | Found a shimmering blue altar of Sif Muna.
  3048 | D:3      | Found a hide-covered altar of Uskayaw.
  3048 | D:3      | Found a sparkling altar of Nemelex Xobeh.
  3051 | D:3      | Found a glowing silver altar of Zin.
  3052 | D:3      | Found a white marble altar of Elyvilon.
  3331 | D:4      | Reached skill level 5 in Spellcasting
  3396 | D:5      | Noticed an ice beast
  3413 | D:4      | Learned a level 3 spell: Hailstorm
  3602 | D:4      | Found a shadowy altar of Dithmenos.
  3625 | D:4      | You fall into a shaft and drop 2 floors!
  3812 | D:5      | You fall into a shaft and drop 3 floors!
  3954 | D:8      | Noticed Gastronok
  3977 | D:8      | You fall into a shaft and drop 1 floor!
  4157 | D:10     | Entered Level 10 of the Dungeon
  4157 | D:10     | Noticed a yak
  4157 | D:10     | Noticed a yak
  4158 | D:10     | Noticed a yak
  4158 | D:10     | Noticed a yak
  4240 | D:8      | Found a shimmering altar of Xom.
  4248 | D:8      | Noticed a hornet
  4249 | D:8      | Noticed a water moccasin
  4267 | D:9      | HP: 2/47 [poisoned by a kobold brigand (curare-tipped
                  | dart)]
  4525 | D:10     | Noticed a hornet
  4752 | D:9      | Reached skill level 1 in Conjurations
  4752 | D:9      | Reached skill level 1 in Ice Magic
  4812 | D:8      | Reached XP level 7. HP: 51/52 MP: 15/15
  4841 | D:8      | Found an opulent altar of Gozag.
  5088 | D:8      | Found a hazy altar of Hepliaklqana.
  5088 | D:8      | Found a burning altar of Makhleb.
  5127 | D:7      | Learned a level 3 spell: Stone Arrow
  5318 | D:5      | Reached skill level 1 in Earth Magic
  5419 | D:6      | Noticed Menkaure
  5771 | D:4      | You fall into a shaft and drop 3 floors!
  6021 | D:3      | Killed Ijyb
  6537 | D:4      | Found a snail-covered altar of Cheibriados.
  6676 | D:4      | Reached XP level 8. HP: 39/58 MP: 17/17
  7055 | D:5      | Found a staircase to the Ecumenical Temple.
  7064 | Temple   | Entered the Ecumenical Temple
  7073 | Temple   | Became a worshipper of Vehumet
  7220 | D:6      | Reached skill level 1 in Shields
  7263 | D:6      | You fall into a shaft and drop 2 floors!
  7495 | D:8      | Reached skill level 1 in Armour
  7739 | D:8      | Reached skill level 2 in Shields
  7909 | D:7      | Reached XP level 9. HP: 55/64 MP: 18/18
  8426 | D:6      | Reached * piety under Vehumet
  8426 | D:6      | Offered knowledge of Foxfire by Vehumet.
  8579 | D:6      | Reached skill level 5 in Earth Magic
  8602 | D:6      | Reached skill level 3 in Shields
  8913 | D:6      | Noticed Grinder
  8924 | D:6      | Killed Grinder
  9523 | D:6      | Noticed Edmund
  9530 | D:6      | Killed Edmund
  9531 | D:6      | Reached skill level 5 in Conjurations
  9883 | D:8      | Reached skill level 4 in Shields
  9883 | D:8      | Reached XP level 10. HP: 70/70 MP: 11/20
  9940 | D:8      | Reached ** piety under Vehumet
  9999 | D:7      | Offered knowledge of Scorch by Vehumet.
 10907 | D:7      | Found an ancient bone altar of Kikubaaqudgha.
 10951 | D:7      | Reached skill level 5 in Shields
 11004 | D:7      | Reached skill level 1 in Ranged Weapons
 11466 | D:8      | Offered knowledge of Searing Ray by Vehumet.
 11487 | D:8      | Noticed a cyclops
 12461 | D:9      | Noticed a two-headed ogre
 12474 | D:9      | Killed a two-headed ogre
 12475 | D:9      | Reached skill level 1 in Long Blades
 12475 | D:9      | Reached XP level 11. HP: 73/75 MP: 19/22
 12704 | D:10     | Reached skill level 5 in Ice Magic
 12750 | D:10     | Found a bloodstained altar of Trog.
 13125 | D:9      | Reached skill level 5 in Armour
 13284 | D:10     | Reached skill level 6 in Shields
 13350 | D:10     | Reached *** piety under Vehumet
 13455 | D:10     | Noticed a two-headed ogre
 13460 | D:10     | Killed a two-headed ogre
 13575 | D:10     | Found a sacrificial altar of Ru.
 14325 | D:11     | Noticed a white ugly thing
 14342 | D:11     | Killed a white ugly thing
 14343 | D:11     | Reached skill level 5 in Dodging
 14498 | D:11     | Found a staircase to the Lair.
 14575 | D:11     | Offered knowledge of Fulminant Prism by Vehumet.
 14622 | D:11     | Reached XP level 12. HP: 52/81 MP: 24/24
 14849 | D:11     | Reached skill level 5 in Ranged Weapons
 15019 | D:11     | Noticed a two-headed ogre
 15027 | D:11     | Killed a two-headed ogre
 15134 | D:11     | Found a hazy altar of Hepliaklqana.
 15227 | D:12     | Noticed a skeletal warrior
 15238 | D:12     | Noticed a skeletal warrior
 15239 | D:12     | Noticed a skeletal warrior
 15301 | D:13     | Reached skill level 7 in Shields
 16143 | D:12     | Found a staircase to the Orcish Mines.
 16218 | D:12     | Reached **** piety under Vehumet
 16532 | D:12     | Noticed a skeletal warrior
 16673 | D:13     | Noticed a boulder beetle
 16750 | D:14     | Offered knowledge of Irradiate by Vehumet.
 16798 | D:13     | You fall into a shaft and drop 1 floor!
 16815 | D:13     | You fall into a shaft and drop 2 floors!
 16815 | D:15     | Entered Level 15 of the Dungeon
 17074 | D:14     | Noticed a seven-headed hydra
 17083 | D:14     | Reached skill level 8 in Shields
 17260 | Orc:1    | Entered Level 1 of the Orcish Mines
 17342 | Orc:2    | Entered Level 2 of the Orcish Mines
 17660 | Orc:2    | Reached XP level 13. HP: 87/87 MP: 26/26
 17685 | Orc:2    | Gained mutation: You are weak. (Str -2) [a neqoxec]
 18077 | Orc:2    | Found Unalogef's Distillery.
 18077 | Orc:2    | Found Lorhitze's Antique Armour Emporium.
 18078 | Orc:2    | Found Guarr's General Store.
 18193 | Orc:2    | Found Kixtig's Magic Scroll Shoppe.
 18300 | Orc:2    | Bought a scroll of enchant weapon for 97 gold pieces
 18300 | Orc:2    | Bought 2 scrolls of identify for 52 gold pieces
 18304 | Orc:2    | Bought 2 potions of heal wounds for 130 gold pieces
 18306 | Orc:2    | Bought a potion of degeneration for 15 gold pieces
 18306 | Orc:2    | Bought a potion of curing for 45 gold pieces
 18306 | Orc:2    | Bought a potion of curing for 45 gold pieces
 18548 | Orc:2    | Found Eprulo's Antique Weapon Shop.
 18586 | Orc:1    | Found a burning altar of Makhleb.
 18588 | Orc:1    | Reached ***** piety under Vehumet
 18588 | Orc:1    | Offered knowledge of Lee's Rapid Deconstruction by Vehumet.
 19072 | Orc:2    | Reached skill level 1 in Evocations
 19221 | Orc:2    | Found a staircase to the Elven Halls.
 19405 | Orc:1    | You fall into a shaft and drop 1 floor!
 19483 | Orc:2    | Bought a scroll of enchant weapon for 82 gold pieces
 19483 | Orc:2    | Bought a scroll of identify for 22 gold pieces
 19483 | Orc:2    | Bought a scroll of fear for 44 gold pieces
 19907 | Orc:2    | Bought 2 potions of curing for 90 gold pieces
 19907 | Orc:2    | Bought a potion of heal wounds for 75 gold pieces
 19907 | Orc:2    | Bought a potion of heal wounds for 75 gold pieces
 20027 | Lair:1   | Entered Level 1 of the Lair of Beasts
 20065 | Lair:1   | Noticed a six-headed hydra
 20102 | Lair:1   | Killed a six-headed hydra
 20103 | Lair:1   | Reached skill level 9 in Shields
 21059 | Lair:1   | Reached skill level 10 in Conjurations
 21194 | Lair:2   | Offered knowledge of Fireball by Vehumet.
 21201 | Lair:2   | Learned a level 5 spell: Fireball
 21205 | Lair:2   | Reached skill level 5 in Fighting
 21395 | Lair:2   | Found a dark tunnel.
 21415 | Volcano  | Entered a volcano
 21549 | Volcano  | Found a burning altar of Makhleb.
 21549 | Volcano  | Noticed a centaur warrior
 21562 | Volcano  | Killed a centaur warrior
 21597 | Volcano  | Noticed a red draconian
 21616 | Volcano  | Killed a red draconian
 21715 | Volcano  | Reached skill level 10 in Spellcasting
 21715 | Volcano  | Reached XP level 14. HP: 82/98 MP: 23/28
 22533 | Lair:2   | Found a burning altar of Makhleb.
 23135 | Lair:2   | Found a staircase to the Swamp.
 23208 | Lair:2   | Identified the +7 sling of Zyrry {elec, Int+4}
 23627 | Lair:3   | Found a staircase to the Snake Pit.
 24176 | Lair:3   | Offered knowledge of Ozocubu's Refrigeration by Vehumet.
 25385 | Lair:4   | Found a staircase to the Slime Pits.
 25386 | Lair:4   | Found a viscous altar of Jiyva.
 25422 | Lair:4   | Reached skill level 1 in Fire Magic
 26063 | Lair:4   | Reached XP level 15. HP: 61/105 MP: 27/31
 26547 | Lair:4   | Got the Catalogue of the Dusty Gathering
 26797 | Lair:5   | Entered Level 5 of the Lair of Beasts
 27046 | Lair:5   | Found a frozen archway.
 27070 | Lair:5   | Learned a level 4 spell: Summon Ice Beast
 27073 | IceCv    | Entered an ice cave
 27193 | IceCv    | Offered knowledge of Conjure Ball Lightning by Vehumet.
 27201 | IceCv    | Learned a level 6 spell: Conjure Ball Lightning
 28003 | IceCv    | Noticed a reaper
 28008 | IceCv    | Reached skill level 1 in Air Magic
 28209 | IceCv    | Killed a reaper
 29534 | Lair:5   | Reached skill level 5 in Evocations
 29765 | Lair:5   | Offered knowledge of Freezing Cloud by Vehumet.
 29780 | Lair:5   | Learned a level 5 spell: Freezing Cloud
 30072 | Lair:5   | Reached skill level 1 in Summonings
 32032 | Lair:5   | Reached XP level 16. HP: 73/108 MP: 11/32
 32204 | Lair:5   | Learned a level 4 spell: Sticky Flame
 33508 | D:6      | You fall into a shaft and drop 1 floor!
 33628 | D:6      | Killed Menkaure
 33800 | D:8      | Found a shimmering altar of Xom.
 33801 | D:8      | Found an opulent altar of Gozag.
 33804 | D:8      | Found a hazy altar of Hepliaklqana.
 33804 | D:8      | Found a burning altar of Makhleb.
 33877 | D:8      | Killed Gastronok
 34044 | Swamp:1  | Entered Level 1 of the Swamp
 34097 | Snake:1  | Entered Level 1 of the Snake Pit
 34647 | Snake:1  | Reached skill level 5 in Air Magic
 34725 | Snake:1  | Found a bloodstained altar of Trog.
 34729 | Snake:1  | Identified the serpent talisman of Juskorul {rCorr}
 34729 | Snake:1  | Noticed Aizul
 34837 | Snake:1  | Learned a level 3 spell: Mephitic Cloud
 35086 | Snake:1  | Found Befey's Firing Range.
 36212 | Snake:1  | Reached skill level 5 in Fire Magic
 36278 | Snake:2  | Found a transporter.
 36298 | Snake:3  | Noticed a nagaraja
 36354 | Snake:2  | Reached skill level 10 in Shields
 36950 | Snake:3  | Noticed Asterion
 37009 | Snake:2  | Reached skill level 12 in Shields
 37009 | Snake:2  | Reached XP level 17. HP: 122/122 MP: 33/33
 37010 | Snake:2  | Reached skill level 14 in Shields
 37010 | Snake:2  | Reached XP level 18. HP: 129/129 MP: 34/34
 37109 | Snake:2  | Found Boenk's Antique Armour Shoppe.
 37595 | Snake:2  | Reached skill level 16 in Shields
 37595 | Snake:2  | Reached XP level 19. HP: 134/134 MP: 35/35
 37746 | Snake:2  | Found a transporter.
 37975 | Snake:3  | Found Ebrug's Antique Weapon Boutique.
 37982 | Snake:3  | Found Sylotur's General Store.
 37982 | Snake:3  | Found Ogapheopek's Antique Weapon Shop.
 38113 | Snake:3  | Found Ennagam's Jewellery Shop.
 38132 | Snake:3  | Bought the amulet of Demons {Reflect rPois rN+ Will+ SH+5}
                  | for 561 gold pieces
 38354 | Snake:3  | Found a runed translucent gate.
 38354 | Snake:3  | Found a runed translucent gate.
 38354 | Snake:3  | Noticed Xuar's ghost (adept DjHW)
 38355 | Snake:3  | Found a runed translucent gate.
 38355 | Snake:3  | Noticed Rififam's ghost (adept GrFi)
 38355 | Snake:3  | Noticed Rififam's ghost (adept GrFi)
 38355 | Snake:3  | Noticed Cosmew's ghost (adept DsVM)
 38356 | Snake:3  | Noticed Cosmew's ghost (adept DsVM)
 38504 | Snake:4  | Entered Level 4 of the Snake Pit
 38723 | Snake:4  | Offered knowledge of Starburst by Vehumet.
 38748 | Snake:4  | Reached skill level 17 in Shields
 38748 | Snake:4  | Reached XP level 20. HP: 141/141 MP: 15/36
 39865 | Snake:3  | Identified the +2 pair of gloves of Benevolence {rPois
                  | Int+7 Stlth-}
 39870 | Snake:3  | You are sucked into a shaft and drop 1 floor!
 39889 | Snake:4  | Reached skill level 10 in Evocations
 40707 | Snake:4  | Reached skill level 18 in Shields
 41380 | Snake:4  | Got a serpentine rune of Zot
 41747 | Snake:3  | You are sucked into a shaft and drop 1 floor!
 41830 | Snake:3  | You are sucked into a shaft and drop 1 floor!
 41900 | Snake:3  | You are sucked into a shaft and drop 1 floor!
 42037 | Snake:3  | Killed Cosmew's ghost
 42211 | Snake:3  | You are sucked into a shaft and drop 1 floor!
 42296 | Snake:3  | You are sucked into a shaft and drop 1 floor!
 42359 | Snake:3  | You are sucked into a shaft and drop 1 floor!
 42584 | Snake:3  | You are sucked into a shaft and drop 1 floor!
 42738 | Snake:3  | You are sucked into a shaft and drop 1 floor!
 42867 | Snake:3  | You are sucked into a shaft and drop 1 floor!
 43080 | Snake:3  | You are sucked into a shaft and drop 1 floor!
 43290 | Snake:2  | You are sucked into a shaft and drop 1 floor!
 43410 | Snake:2  | Gained mutation: Your magical capacity is low. (-10% MP)
                  | [mutagenic glow]
 43418 | Snake:2  | Gained mutation: You are vulnerable to cold. (rC-)
                  | [mutagenic glow]
 43434 | Snake:2  | Gained mutation: You occasionally shout uncontrollably at
                  | your foes. [mutagenic glow]
 43470 | Snake:2  | Gained mutation: Your magical capacity is very low. (-20%
                  | MP) [mutagenic glow]
 43673 | Snake:2  | Identified the ring of Usuts {Ice rCorr Str+5 Dex-3 Stlth+}
 43676 | Snake:2  | Identified the ring of Amelioration {Fire Int+4}
 43688 | Snake:2  | Identified the amulet "Jeecwyl" {rC+ Will+ Regen+ Int-5}
 43884 | D:11     | Lost mutation: You occasionally shout uncontrollably at
                  | your foes. [potion of mutation]
 43884 | D:11     | Lost mutation: You are vulnerable to cold. (rC-) [potion of
                  | mutation]
 43884 | D:11     | Gained mutation: You are partially covered in iridescent
                  | scales. (AC +2) [potion of mutation]
 43884 | D:11     | Gained mutation: You are covered in fur. (AC +1) [potion of
                  | mutation]
 43981 | Elf:1    | Entered Level 1 of the Elven Halls
 43981 | Elf:1    | Found a runed translucent gate.
 43981 | Elf:1    | Found a runed translucent gate.
 43981 | Elf:1    | Found a runed translucent gate.
 43981 | Elf:1    | Found a runed translucent gate.
 43981 | Elf:1    | Found a runed translucent gate.
 43981 | Elf:1    | Found a runed translucent gate.
 43982 | Elf:1    | Found a runed translucent door.
 44004 | Elf:1    | Found a runed translucent door.
 44456 | Elf:1    | Found a runed translucent door.
 44613 | Elf:1    | Found Juoth's Magic Scroll Emporium.
 44617 | Elf:1    | Bought a scroll of butterflies for 60 gold pieces
 44617 | Elf:1    | Bought a scroll of fog for 60 gold pieces
 45171 | Elf:1    | Offered knowledge of Maxwell's Capacitive Coupling by
                  | Vehumet.
 45751 | Elf:3    | Entered Level 3 of the Elven Halls
 45947 | Elf:2    | Identified the dragon-blood talisman "Xoddi" {rC- Int+4
                  | Slay-6 SInv}
 46156 | Elf:2    | Reached skill level 19 in Shields
 46234 | Elf:2    | Reached XP level 21. HP: 147/147 MP: 17/30
 47332 | Elf:2    | Found a runed translucent gate.
 47332 | Elf:2    | Found a runed translucent gate.
 47332 | Elf:2    | Found a runed translucent gate.
 47897 | Elf:3    | Identified the amulet of Zietoi {Faith rElec Dex+5 SInv}
 48413 | Elf:3    | Identified the +1 robe "Ishyatzu" {rPois Regen+ Int-5
                  | Dex+3}
 48418 | Elf:3    | Identified the +1 robe "Rinu" {rElec rPois rC+}
 48444 | Elf:3    | Reached skill level 10 in Fire Magic
 48778 | Elf:3    | Reached skill level 20 in Shields
 48871 | Elf:3    | Identified the +7 mace "Gecomevan" {antimagic, Str-3 Int+6}
 49017 | Elf:3    | Reached skill level 10 in Stealth
 49178 | Elf:3    | Identified the +8 rapier "Ywnu" {spect, *Corrode *Slow rF+
                  | Dex+6}
 49410 | Elf:3    | Identified the +1 cloak "Giuhas" {rN+}
 49461 | Elf:3    | Identified the staff of Lugonu's Envy {Fly rPois rCorr
                  | Dex-2 Earth}
 49507 | Elf:3    | Identified the +0 cloak of Xiew Jao {rElec}
 49812 | Elf:2    | You are sucked into a shaft and drop 1 floor!
 50182 | Elf:2    | Reached skill level 5 in Maces & Flails
 50292 | Elf:2    | You are sucked into a shaft and drop 1 floor!
 50763 | Elf:2    | Reached XP level 22. HP: 153/153 MP: 18/30
 50777 | Elf:2    | You are sucked into a shaft and drop 1 floor!
 51347 | Elf:1    | You are sucked into a shaft and drop 1 floor!
 51988 | Elf:1    | Identified the staff of the Baleful God {rElec MP+9 Air}
 52220 | D:12     | Reached ****** piety under Vehumet
 52352 | D:12     | Reached skill level 21 in Shields
 52644 | D:13     | Identified the +6 quarterstaff of Liujis {pain, Dex+2 SInv}
 52673 | D:13     | Noticed Azrael
 52687 | D:13     | Killed Azrael
 52881 | D:13     | Found Mos Gyo's Antique Artefacts.
 52916 | D:13     | Bought a heavily runed ruby amulet for 110 gold pieces
 52916 | D:13     | Identified the amulet "Gim Ytamm" {Faith Dex+5} (You bought
                  | it in a shop on level 13 of the Dungeon)
 52916 | D:13     | Bought a smoking copper ring for 110 gold pieces
 52916 | D:13     | Identified the ring of Eternal Night {rElec rF+++ Str+6
                  | Int-5 SInv} (You bought it in a shop on level 13 of the
                  | Dungeon)
 52916 | D:13     | Bought a jewelled tower shield for 209 gold pieces
 52916 | D:13     | Identified the +0 tower shield of Ennui {rN+ Int+5 Dex-3
                  | Slay+3} (You bought it in a shop on level 13 of the
                  | Dungeon)
 52916 | D:13     | Bought a wavering gossamer ring for 110 gold pieces
 52916 | D:13     | Identified the ring "Gyceuwnu" {rElec rC- Will+ Int+4
                  | Dex+6} (You bought it in a shop on level 13 of the Dungeon)
 52916 | D:13     | Bought a slimy pewter ring for 110 gold pieces
 52916 | D:13     | Identified the ring "Kihete Buyng" {rElec rPois rC+ Dex+2}
                  | (You bought it in a shop on level 13 of the Dungeon)
 53445 | D:13     | Offered knowledge of Chain Lightning by Vehumet.
 53445 | D:13     | Offered knowledge of Polar Vortex by Vehumet.
 53445 | D:13     | Offered knowledge of Ignition by Vehumet.
 53584 | D:13     | Found a gate to the Vaults.
 53596 | D:13     | Got the Compilation of Scree
 53603 | Vaults:1 | Entered Level 1 of the Vaults
 54043 | Vaults:2 | Noticed Margery
 54055 | Vaults:2 | You are sucked into a shaft and drop 2 floors!
 55551 | Vaults:2 | Noticed Nikola
 55741 | Vaults:2 | Killed Margery
 55857 | Vaults:2 | Killed Nikola
 56407 | Vaults:2 | Reached XP level 23. HP: 159/159 MP: 22/32
 57860 | Vaults:1 | Found a transporter.
 57861 | Vaults:1 | Found a transporter.
 57861 | Vaults:1 | Noticed Sirjeffry24's ghost (adept TeAE)
 58399 | Vaults:1 | You are sucked into a shaft and drop 1 floor!
 58404 | Vaults:2 | You are sucked into a shaft and drop 2 floors!
 58598 | Vaults:4 | Reached skill level 15 in Fire Magic
 60452 | Vaults:1 | Reached skill level 15 in Conjurations
 60804 | Vaults:1 | Identified the +4 giant club "Hij Extu" {elec, rElec rPois
                  | Int+2 Stlth+}
 61349 | Vaults:2 | You fall into a shaft and drop 1 floor!
 61349 | Vaults:3 | Found Moagakhli's Armour Emporium.
 61352 | Vaults:3 | You fall into a shaft and drop 1 floor!
 61993 | Vaults:4 | Reached XP level 24. HP: 158/166 MP: 21/33
 62067 | Vaults:4 | Found Xonuvo's Book Shoppe.
 63362 | Vaults:3 | Bought the +2 cloak of Umnanusa {Str+2 Int+5} for 506 gold
                  | pieces
 63381 | Vaults:3 | Learned a level 8 spell: Ignition
 63810 | Vaults:2 | Identified the +7 rapier "Qidoirr" {antimagic, Will+}
 64067 | Vaults:2 | Reached skill level 15 in Spellcasting
 65268 | Vaults:2 | You fall into a shaft and drop 1 floor!
 65428 | Vaults:3 | Found a staircase to the Crypt.
 65438 | Crypt:1  | Entered Level 1 of the Crypt
 65681 | Vaults:3 | Identified the +4 scale mail of the Devil's Team {Str+5
                  | Int+2}
 67042 | Vaults:2 | You fall into a shaft and drop 2 floors!
 68014 | D:15     | Found a runed translucent door.
 68016 | D:15     | Noticed Umuuc's ghost (journeyman DsGl)
 68317 | D:15     | Found a staircase to the Depths.
 68522 | D:15     | Noticed Rupert
 68529 | D:15     | Killed Rupert
 68667 | D:15     | Found a shadowy altar of Dithmenos.
 68867 | Depths:1 | Entered Level 1 of the Depths
 68867 | Depths:1 | Found Opaloa's Mayhem Merchandise.
 68926 | Depths:1 | Bought a book of Fire for 736 gold pieces
 68933 | Depths:1 | Learned a level 6 spell: Plasma Beam
 69084 | Depths:1 | Reached skill level 10 in Fighting
 69430 | Depths:1 | Found a one-way gate leading to the halls of Pandemonium.
 69565 | Depths:1 | Reached XP level 25. HP: 177/177 MP: 19/33
 70207 | Depths:2 | Noticed Vv
 70280 | Depths:1 | Found a gateway to Hell.
 72038 | Depths:3 | Identified the ring "Xaodail" {Ice Str+3 Int+5}
 72038 | Depths:3 | Noticed Josephina
 72343 | Depths:2 | Identified the +6 sling of Melee {heavy, rF+ Will+}
 72343 | Depths:2 | Identified the ring "Geang" {rC+ MP+9 SInv}
 73376 | Depths:3 | Found a one-way gateway to a ziggurat.
 73540 | Depths:3 | Found a transporter.
 73544 | Depths:3 | Found a corrupted altar of Lugonu.
 73759 | Depths:3 | Killed Josephina
 73931 | Depths:4 | Entered Level 4 of the Depths
 73931 | Depths:4 | Noticed a caustic shrike
 74359 | Depths:3 | Noticed Louise
 74468 | Depths:3 | Found a one-way gate to the infinite horrors of the Abyss.
 74477 | Depths:3 | Killed Louise
 74609 | Depths:3 | Found a transporter.
 74718 | Depths:4 | Noticed a juggernaut
 75126 | Slime:1  | Entered Level 1 of the Pits of Slime
 75375 | Slime:2  | Reached skill level 10 in Armour
 76068 | Slime:5  | Entered Level 5 of the Pits of Slime
 76470 | Slime:5  | Reached XP level 26. HP: 184/184 MP: 34/34
 76568 | Slime:5  | Gained mutation: You are very weak. (Str -4) [a shining
                  | eye]
 77191 | Slime:2  | Gained mutation: Potions are less effective at restoring
                  | your health. [a shining eye]
 77318 | Slime:2  | Gained mutation: You occasionally lose the ability to drink
                  | potions when taking damage. [a shining eye]
 77619 | Slime:3  | Gained mutation: You are frail. (-10% HP) [a shining eye]
 78508 | Slime:5  | Reached skill level 10 in Ice Magic
 78879 | Slime:5  | Noticed the Royal Jelly
 79294 | Slime:5  | Killed the Royal Jelly
 80370 | Slime:5  | Identified a scroll of acquirement
 80372 | Slime:5  | Found the +7 great mace "Undeadhunter" {deathbane, rN+}
 80386 | Slime:5  | Got a slimy rune of Zot
 80388 | Slime:5  | Got Further Steps in Witchery
 80396 | Slime:5  | Got the Volume of the Vitriolic Welkin
 80398 | Slime:5  | Identified the +3 battleaxe "Tibu" {freeze, rPois Str-5
                  | Int+5 Stlth-}
 80402 | Slime:5  | Identified the +7 dire flail of Ivepiusi {flame, rPois rN++
                  | Will- SInv}
 80405 | Slime:5  | Identified the +0 plate armour of Untruth {Harm +Inv rC-
                  | Int+2}
 80419 | Slime:5  | Identified the +3 halberd "Newt's Bane" {speed, Contam
                  | Int+2 Dex+8 Stlth-}
 80423 | Slime:5  | Identified the ring "Jiewn" {rPois rC+ Int+2 Slay+2 Stlth+}
 80434 | Slime:5  | Identified the death talisman "Qamuonemu" {rF- SInv Stlth+}
 80435 | Slime:5  | Identified the +10 shortbow "Tuwaklus" {speed, MP+9}
 80446 | Slime:5  | Identified the +1 robe of the Dwarven Hall {Rampage Fly
                  | rPois}
 80457 | Slime:5  | Learned a level 4 spell: Iskenderun's Mystic Blast
 80480 | Slime:5  | Identified the ring of Fikhlys {*Slow rF++ Int-4 Dex+9
                  | SInv}
 80940 | D:11     | Acquired the Elucidation of the Salvo
 80952 | D:11     | Learned a level 9 spell: Fire Storm
 81609 | Crypt:1  | Noticed Frederick
 81627 | Crypt:1  | Killed Frederick
 82346 | D:11     | Lost mutation: Your magical capacity is very low. (-20% MP)
                  | [potion of mutation]
 82346 | D:11     | Lost mutation: You are covered in fur. (AC +1) [potion of
                  | mutation]
 82346 | D:11     | Lost mutation: You occasionally lose the ability to drink
                  | potions when taking damage. [potion of mutation]
 82346 | D:11     | Gained mutation: You are partially covered in large bone
                  | plates. (SH +4) [potion of mutation]
 82346 | D:11     | Gained mutation: Your system is resistant to poisons.
                  | (rPois) [potion of mutation]
 82347 | D:11     | Lost mutation: You are very weak. (Str -4) [potion of
                  | mutation]
 82347 | D:11     | Lost mutation: You are partially covered in large bone
                  | plates. (SH +4) [potion of mutation]
 82347 | D:11     | Lost mutation: You are weak. (Str -2) [potion of mutation]
 82347 | D:11     | Lost mutation: You are partially covered in iridescent
                  | scales. (AC +2) [potion of mutation]
 82347 | D:11     | Gained mutation: You have sharp fingernails. [potion of
                  | mutation]
 82347 | D:11     | Gained mutation: You expend magic power (3 MP) to
                  | strengthen your wands. [potion of mutation]
 82348 | D:11     | Lost mutation: You have sharp fingernails. [potion of
                  | mutation]
 82348 | D:11     | Lost mutation: Potions are less effective at restoring your
                  | health. [potion of mutation]
 82348 | D:11     | Gained mutation: Armour fits poorly on your strangely
                  | shaped body. [potion of mutation]
 82348 | D:11     | Lost mutation: You are frail. (-10% HP) [potion of
                  | mutation]
 82348 | D:11     | Gained mutation: You are partially covered in iridescent
                  | scales. (AC +2) [potion of mutation]
 82348 | D:11     | Gained mutation: You are somewhat resistant to further
                  | mutation. [potion of mutation]
 82528 | Crypt:1  | Identified the +4 war axe "Fuxare Xazo" {speed, Str+3}
 82668 | Crypt:1  | Noticed Grunn
 82696 | Crypt:1  | Killed Grunn
 83953 | Crypt:2  | Reached XP level 27. HP: 165/190 MP: 39/39
 84101 | Crypt:2  | Noticed Xtahua
 84395 | Crypt:3  | Entered Level 3 of the Crypt
 86267 | Crypt:2  | Killed Xtahua
 87349 | Crypt:3  | Reached skill level 22 in Shields
 87639 | Crypt:3  | Found a staircase to the Tomb.
 87653 | Tomb:1   | Entered Level 1 of the Tomb of the Ancients
 88976 | Tomb:1   | Noticed a royal mummy
 89198 | Tomb:1   | Killed a royal mummy
 89922 | Crypt:3  | Found an ancient bone altar of Kikubaaqudgha.
 89956 | Crypt:3  | Found a basalt altar of Yredelemnul.
 89984 | Crypt:3  | Identified the +7 short sword of Darkness {venom, rF- rN+++
                  | rCorr Int+3}
 90005 | Crypt:3  | Identified the +4 chain mail of Ceic {rN+ Str-3 Dex+4}
 90010 | Crypt:3  | Identified the +1 ring mail of Stoicism {rN+ Will+ MP+9
                  | Str+2}
 90302 | D:11     | Learned a level 3 spell: Ozocubu's Armour
 90307 | D:11     | Learned a level 4 spell: Olgreb's Toxic Radiance
 91594 | Swamp:2  | Noticed Jeffwins's ghost (adept DrSh)
 91594 | Swamp:2  | Identified the ring "Hilusosh" {rElec rC+}
 91712 | Swamp:2  | Found a runed translucent gate.
 91712 | Swamp:2  | Found a runed translucent gate.
 91714 | Swamp:2  | Found a runed translucent gate.
 91755 | Swamp:3  | Noticed Mara
 91762 | Swamp:3  | Killed Mara
 92323 | Swamp:2  | Identified the +5 hand axe of Liblin {flame, rF+ Str+5
                  | Stlth+}
 93149 | Swamp:2  | Identified the +3 shortbow of a treasure trove {freeze,
                  | Stlth+}
 93522 | Swamp:4  | Entered Level 4 of the Swamp
 93524 | Swamp:4  | Noticed Donald
 93526 | Swamp:4  | Killed Donald
 94350 | Swamp:4  | Noticed the 27-headed Lernaean hydra
 94355 | Swamp:4  | Killed the 27-headed Lernaean hydra
 95291 | Swamp:3  | Found a runed translucent door.
 95596 | Swamp:4  | Got a decaying rune of Zot
 97540 | Swamp:2  | You are sucked into a shaft and drop 1 floor!
 97573 | Swamp:2  | You are sucked into a shaft and drop 1 floor!
 97712 | Swamp:2  | Killed Jeffwins's ghost
 97883 | Swamp:2  | Identified the +2 pair of gloves of the Lumpy Quests {rN+
                  | Will+ Str+3 Dex-4}
 98230 | Snake:1  | Found a bloodstained altar of Trog.
 98259 | Snake:1  | Killed Aizul
 98795 | Snake:3  | Killed Asterion
 98901 | Snake:3  | Found Ogapheopek's Antique Weapon Shop.
 98905 | Snake:3  | Found Ebrug's Antique Weapon Boutique.
 98905 | Snake:3  | Found Ennagam's Jewellery Shop.
 98910 | Snake:3  | Found Sylotur's General Store.
 98914 | Snake:3  | Killed Rififam's ghost
 98973 | Snake:3  | Killed Cosmew's ghost
 99327 | Snake:3  | Killed Rififam's ghost
 99508 | Snake:3  | Killed Xuar's ghost
 99958 | Vaults:1 | Mangled by an ironbound thunderhulk

Illustrated notes

Levels and vault maps discovered:
D:1:      dpeg_arrival_morbid_curiosity, layout_loops_ring
D:2:      minmay_chambers_of_twos, layout_rooms, roderic_serpentine_path
D:3:      layout_loops_ring, mainiacjoe_overflow_brackets,
          grunt_temple_overflow_open, hellmonk_ecumenical_altar_watching_god,
          serial_shops, shop, uniq_ijyb
D:4:      layout_basic, marbit_many_paths, mainiacjoe_overflow_24_doors,
          serial_glass, glass_columns_a, glass_columns_c, glass_columns_a,
          glass_columns_a, glass_columns_a, glass_columns_b, glass_columns_c,
          glass_columns_c
D:5:      layout_cave_pools, minmay_temple_entry_poolview
D:6:      black_bear_nest_2, layout_basic, minmay_pentangle, uniq_menkaure,
          uniq_edmund, uniq_grinder
D:7:      layout_basic, lemuel_mausoleum_altar_kikubaaqudgha,
          nicolae_houndstooth_variations
D:8:      layout_gridville, chequers_temple_overflow_statue_of_worship,
          special_room [special_room_orc], uniq_gastronok
D:9:      layout_basic, dreamdust_princess_bridge
D:10:     layout_rooms, mainiacjoe_overflow_catwalk, mainiacjoe_overflow_paths,
          feat_on_display
D:11:     layout_small_grid, lair_entry_dummy, worldfamousw_hep_ancestral_shrine
D:12:     layout_long_grid, david_orc_3, chequers_serial_rivers_micro_b,
          hangedman_incinerator
D:13:     minmay_connected_triangles_in_corner, layout_rooms, david_vaults_5,
          minmay_variable_closet, nicolae_antique_artefacts, uniq_azrael
D:14:     layout_cave_pools, minmay_crystal_water
D:15:     hangedman_depths_entry_try_elsewhere_first, layout_long_grid,
          nicolae_dithmenos_shadow_blocks, ebering_ghost_reflecting_pool,
          hangedman_decor_growths, uniq_rupert
Temple:   nicolae_temple_ecumenical_triangle
Lair:1:   layout_chaotic_city, nicolae_quartered_pool_impasse, st_stairs_3,
          minivault_26
Lair:2:   minmay_lair_oklob_chamber, layout_chaotic_city,
          minmay_swamp_entry_swarm, basic_altar, nicolae_volcano_entry_s_turn,
          patterned_corridor, grunt_megastairs_3, serial_bayou_shore_b
Lair:3:   layout_cave_shapes, minmay_snake_entry_six_corridors
Lair:4:   nzn_winding_woodlands_cross [nzn_winding_woodlands_5x15_lazy_stream,
          nzn_winding_woodlands_5x15_twine, nzn_winding_woodlands_5x15_pockets,
          nzn_winding_woodlands_5x15_sawtooth,
          nzn_winding_woodlands_15x15_boxy_spiral], layout_long_grid,
          minmay_slime_entry_jelly_boxes
Lair:5:   due_jungle_book, layout_regular_city, portal_ice_cave_entry_pillars_2,
          serial_bayou, serial_bayou_lagoon_a, serial_bayou_pond_a,
          serial_bayou_pond_d, serial_bayou_pond_e, grunt_megastairs_5
Swamp:1:  layout_basic_swamp, nicolae_swamp_well_well_well,
          nicolae_swamp_decorative_isthmus
Swamp:2:  cheibrodos_swamp_mausoleum, layout_basic_swamp, gammafunk_ghost_split,
          nicolae_swamp_orc_logging_accident
Swamp:3:  gammafunk_mikee_crab_dinner, layout_basic_swamp,
          evilmike_swamp_ruin_rubble_2, uniq_mara
Swamp:4:  grunt_swamp_rune_castle, layout_basic_swamp, swamp_pool_1_2,
          nicolae_swamp_spooky_pond, uniq_donald
Snake:1:  layout_basic, basic_altar, nicolae_shop_firing_range, uniq_aizul
Snake:2:  gammafunk_its_a_trap, layout_chambers, serial_shops, shop
Snake:3:  layout_cave_shapes, gammafunk_ghost_cemetery, drop_trap,
          minmay_shoptagon, serial_bayou_shore_b, serial_bayou_shore_b,
          uniq_asterion
Snake:4:  grunt_snake_rune_pools, layout_rooms, lemuel_fruit_tree
Slime:1:  layout_caves
Slime:2:  layout_caves
Slime:3:  layout_caves, nicolae_slime_getting_an_eyeful
Slime:4:  layout_caves
Slime:5:  slime_pit_nicolae_royal_road_to_ruin
Orc:1:    layout_caves, basic_altar
Orc:2:    st_orc_mages, layout_caves, serial_shops, nicolae_lakefront_shop
Elf:1:    nicolae_elf_arrival_dilemma, layout_geoelf_octagon, serial_shops,
          nicolae_shop_back_alley_shop, minmay_elf_demonology, minivault_20,
          hangedman_aerie_drop
Elf:2:    elven_hall_of_blades_hangedman_original [nooodl_blade_entry_preview],
          layout_geoelf_grid, special_room [special_room_mythical_zoo]
Elf:3:    minmay_elf_hall_furrowed, layout_loops_cross, minmay_curled_crystal,
          st_stairs_6, corexii_hall_statues_deadend
Vaults:1: gammafunk_ghost_smash, nicolae_vaults_mitosis,
          nicolae_vaults_closet_pinwheel_1, nicolae_vaults_twisting_passages,
          dpeg_vaults_waves, nicolae_vaults_network_quincunx
          [nicolae_vaults_network_quincunx_subvault,
          nicolae_vaults_network_quincunx_subvault,
          nicolae_vaults_network_quincunx_subvault,
          nicolae_vaults_network_quincunx_subvault,
          nicolae_vaults_network_quincunx_subvault], vaults_room_boxed,
          nicolae_vaults_asterisk, vaults_dpeg_encased_lava, v_misc_25,
          nicolae_vaults_diagonal_hallway_8, vaults_room_door_ring,
          layout_vaults_omnicross
Vaults:2: dpeg_index_elf_rogue_hall, nicolae_vaults_ellipses_ellipsis,
          hangedman_vaults_nodes, nicolae_vaults_ring_of_whatevers,
          layout_vaults_chaotic_city, uniq_margery, uniq_nikola
Vaults:3: ontoclasm_vaults_shuriken, nicolae_vaults_network_star,
          minmay_crypt_entry_skeletal_spiral, nicolae_vaults_mini_display_case,
          nicolae_vaults_little_squares_3, nicolae_vaults_diamond_2,
          vaults_standard_mumra_lines, layout_vaults_omnigrid, serial_shops,
          nicolae_shop_pleasant_corner_grove
Vaults:4: nicolae_vaults_turnstiles, v_misc_29, nicolae_vaults_triangles,
          nicolae_vaults_three_branches, nicolae_vaults_double_plus_2,
          grunt_vaults_focal, hangedman_vaults_river_flow, v_misc_30,
          nicolae_vaults_variable_pillar_hall, nicolae_vaults_little_squares_6,
          layout_vaults_ring, serial_shops, shop
Crypt:1:  layout_chaotic_city, st_stairs_13, minivault_14, uniq_frederick,
          uniq_grunn
Crypt:2:  layout_misc_corridors, grunt_ministairs_2, uniq_xtahua
Crypt:3:  lightli_unholy_cathedral, layout_chaotic_city,
          tomb_entry_forgotten_bobbens, corexii_hall_statues_s,
          nicolae_crypt_little_mausoleum
Tomb:1
Depths:1: layout_honeycomb, rand_demon_pan_entry_9, pf_coc_iceberg,
          serial_sigils_hangedman_scar, corexii_leaking_fountain,
          minmay_shop_mayhem, lightli_minifort
Depths:2: minmay_open_boxes_in_corner, layout_cave_pools, grunt_hell_horde,
          minmay_holes, rand_demon_pan_entry_7,
          minmay_staircase_statues_hall_large, uniq_vv
Depths:3: gammafunk_corrupted_shrine, layout_gridville, enter_ziggurat_f,
          nicolae_abyss_entry_one_way_or_another, hell_entry, nrook_campfire,
          infiniplex_staircase_zigzag_2, uniq_josephina
Depths:4: grunt_zot_entry_funnels, layout_long_grid, minmay_misc_feat_columns,
          hell_entry, dispersion_dpeg

Skill      XL: |  1  2  3  4  5  6  7  8  9 10 11 12 13 14 15 16 17 18 19 20 21 22 23 24 25 26 27 |
---------------+----------------------------------------------------------------------------------+-----
Dodging        | 2 3 4 5 |  5.0
Spellcasting   | 1 2 3 4 5 6 7 8 9 10 12 13 14 15 16 17 18 | 18.7
Conjurations   | 1 2 3 5 6 7 8 10 12 13 14 15 16 18 19 | 19.0
Ice Magic      | 1 2 3 4 5 6 8 10 14 | 14.8
Earth Magic    | 2 4 6 7 8 |  8.0
Shields        | 2 4 5 6 8 9 12 14 16 17 19 20 21 22 | 22.2
Armour         | 1 3 4 5 6 8 10 11 12 | 12.0
Ranged Weapons | 2 4 6 7 9 |  9.0
Long Blades    | 1 3 |  3.0
Evocations     | 2 7 8 9 10 11 12 | 12.0
Fighting       | 5 6 7 8 10 | 10.1
Fire Magic     | 2 4 5 6 8 11 13 15 17 18 19 | 19.0
Air Magic      | 4 6 7 |  7.0
Summonings     | 2 3 4 |  4.0
Stealth        | 8 10 12 | 12.1
Maces & Flails | 5 7 |  7.1

Action                     |  1- 3 |  4- 6 |  7- 9 | 10-12 | 13-15 | 16-18 | 19-21 | 22-24 | 25-27 || total
---------------------------+-------+-------+-------+-------+-------+-------+-------+-------+-------++-------
  Melee: Mace              |    57 |   243 |       |       |       |       |       |       |       ||   300
         Quarterstaff      |       |    17 |    68 |       |       |       |       |       |       ||    85
         Punch             |       |     2 |     2 |       |       |       |       |       |       ||     4
         Dagger            |       |       |   105 |   110 |   198 |       |       |     3 |     1 ||   417
         Flail             |       |       |       |    25 |    16 |       |       |       |       ||    41
         Eveningstar       |       |       |       |       |       |    12 |    53 |   272 |   311 ||   648
         Great mace        |       |       |       |       |       |       |       |       |     6 ||     6
   Fire: Arbalest          |       |       |       |   145 |   218 |   115 |   303 |   492 |    91 ||  1364
         Sling             |       |       |       |       |   159 |     4 |       |       |       ||   163
         Hand cannon       |       |       |       |       |     3 |       |       |       |   135 ||   138
  Throw: Boomerang         |       |       |    30 |     7 |       |       |       |       |       ||    37
         Dart              |       |       |     2 |       |     4 |       |       |     9 |     5 ||    20
         Throwing net      |       |       |       |     1 |       |       |       |     1 |       ||     2
   Cast: Stone Arrow       |       |       |    59 |   231 |   459 |    22 |   159 |   286 |    35 ||  1251
         Hailstorm         |       |       |       |     3 |    33 |       |     5 |     2 |       ||    43
         Fireball          |       |       |       |       |    56 |     9 |     8 |    46 |   189 ||   308
         Freezing Cloud    |       |       |       |       |    23 |    70 |   239 |   267 |    63 ||   662
         Summon Ice Beast  |       |       |       |       |    19 |       |     7 |     4 |       ||    30
         Conjure Ball Ligh |       |       |       |       |    12 |     6 |    29 |    30 |    21 ||    98
         Sticky Flame      |       |       |       |       |       |     4 |    38 |    79 |    74 ||   195
         Ignition          |       |       |       |       |       |       |       |    10 |    79 ||    89
         Fire Storm        |       |       |       |       |       |       |       |       |   366 ||   366
         Iskenderun's Myst |       |       |       |       |       |       |       |       |    18 ||    18
         Plasma Beam       |       |       |       |       |       |       |       |       |     1 ||     1
Ability: Shaft Self        |       |     3 |     2 |     2 |     1 |     1 |    14 |     9 |     3 ||    35
         Dig               |       |       |     4 |     7 |    10 |     1 |     9 |       |     1 ||    32
         Evoke Invisibilit |       |       |       |       |       |       |     3 |     3 |       ||     6
  Evoke: Wand              |       |       |     2 |     9 |    13 |       |     2 |       |     8 ||    34
         Condenser vane    |       |       |       |       |     1 |       |       |     1 |       ||     2
    Use: Scroll            |       |     7 |     5 |     8 |    20 |     1 |     9 |    13 |    11 ||    74
         Potion            |       |     2 |     3 |     1 |    15 |     5 |     5 |     6 |     5 ||    42
   Stab: Sleeping          |     4 |     8 |     4 |     5 |     2 |       |       |     2 |     1 ||    26
         Distracted        |       |     1 |       |       |       |       |       |       |       ||     1
         Paralysed         |       |       |       |     1 |       |       |       |       |       ||     1
         Held in net/web   |       |       |       |     1 |       |       |       |       |       ||     1
 Armour: Leather armour    |    40 |   195 |   102 |    51 |       |       |       |       |       ||   388
         Scale mail        |       |       |    43 |       |       |       |       |       |       ||    43
         Troll leather arm |       |       |       |   101 |   459 |   114 |   231 |   416 |   373 ||  1694
  Dodge: Dodged            |    53 |   229 |   163 |   150 |   407 |    60 |    53 |   131 |   134 ||  1380
  Block: Buckler           |       |       |    17 |    55 |   195 |    20 |       |       |       ||   287
         Tower shield      |       |       |       |       |       |     3 |   354 |   768 |   941 ||  2066
         Reflection        |       |       |       |       |       |       |    68 |    65 |    24 ||   157

Table legend: (Time is in decaauts)
 A = Elapsed time spent in this place.
 B = Non-inter-level travel time spent in this place.
 C = Inter-level travel time spent in this place.
 D = Time resting spent in this place.
 E = Time spent auto-exploring this place.
 F = Levels seen in this place.
 G = Mean time per level.
                   A        B        C        D        E       F      G
               +--------+--------+--------+--------+--------+-----+--------+
         Total | 101398 |  93113 |   8285 |  36642 |  22964 |  53 | 1913.2 |
       Dungeon |  23430 |  21004 |   2426 |   6543 |   7549 |  15 | 1562.0 |
        Temple |     18 |      1 |     17 |      0 |      0 |   1 |   18.0 |
          Lair |  11282 |   9754 |   1528 |   3202 |   3168 |   5 | 2256.4 |
         Swamp |   7600 |   7369 |    231 |   4210 |   1718 |   4 | 1900.0 |
     Snake Pit |  11514 |  10486 |   1028 |   4126 |   2260 |   4 | 2878.5 |
    Slime Pits |   5652 |   5228 |    424 |   2296 |   1309 |   5 | 1130.4 |
  Orcish Mines |   3168 |   2711 |    457 |    780 |    527 |   2 | 1584.0 |
   Elven Halls |   8034 |   7352 |    682 |   3159 |   1239 |   3 | 2678.0 |
        Vaults |  13961 |  13156 |    805 |   5433 |   2593 |   4 | 3490.2 |
         Crypt |   6712 |   6300 |    412 |   3105 |   1041 |   3 | 2237.3 |
          Tomb |   1806 |   1806 |      0 |    840 |      0 |   1 | 1806.0 |
        Depths |   5998 |   5726 |    272 |   2332 |   1331 |   4 | 1499.5 |
      Ice Cave |   1505 |   1505 |      0 |    420 |    141 |   1 | 1505.0 |
       Volcano |    713 |    713 |      0 |    194 |     88 |   1 |  713.0 |
               +--------+--------+--------+--------+--------+-----+--------+

Top non-repeatable levels by time:
Vaults:2: 4192 daAuts
Vaults:3: 4025 daAuts
 Snake:3: 3736 daAuts
Vaults:1: 3377 daAuts
  Lair:5: 3222 daAuts
 Snake:4: 3186 daAuts
   Elf:3: 3041 daAuts
     D:6: 3036 daAuts
 Swamp:3: 2993 daAuts
  Lair:4: 2861 daAuts
   Elf:1: 2624 daAuts
Depths:1: 2526 daAuts
 Snake:2: 2380 daAuts
   Elf:2: 2368 daAuts
Vaults:4: 2365 daAuts
